 Dungeon Crawl Stone Soup version 0.27.1-35-g4d5d836560 (webtiles) character file.

Game seed: 11618562119813209505

499 Romesagentofchaos the Skirmisher (level 7, -2/60 HPs)
             Began as a Ghoul Gladiator on Apr 15, 2022.
             Was an Initiate of Trog.
             Slain by Ironcache's ghost (8 damage)
             ... on level 4 of the Dungeon.
             The game lasted 00:14:41 (2903 turns).

Romesagentofchaos the Skirmisher (Ghoul Gladiator)  Turns: 2903, Time: 00:14:42

Health: -2/60      AC:  6    Str: 19    XL:     7   Next: 16%
Magic:  6/6        EV: 12    Int:  4    God:    Trog [......]
Gold:   243        SH:  0    Dex: 10    Spells: 6/6 levels left

rFire    + . .     SeeInvis .   s - +1 hand axe (vorpal)
rCold    + + .     Faith    .   (no shield)
rNeg     + + +     Spirit   .   e - +1 leather armour {rC+}
rPois    ∞         Reflect  .   c - +1 helmet
rElec    .         Harm     .   (no cloak)
rCorr    .         Rampage  .   (no gloves)
Will     .....                  (no boots)
Stlth    +.........             q - amulet of regeneration
HPRegen  0.00/turn              f - ring of protection from fire
MPRegen  0.10/turn              i - ring of flight

@: mighty, about to teleport, flying, inhibited regen
A: claws 1, cold resistance 1, negative energy resistance 3, inhibited
regeneration, torment resistance 2
a: Renounce Religion


You were on level 4 of the Dungeon.
You worshipped Trog.
Trog was noncommittal.
You visited 1 branch of the dungeon, and saw 4 of its levels.

You collected 243 gold pieces.

Inventory:

Hand Weapons
 a - a +0 trident
 g - a +2 hand axe of freezing
 s - a +1 vorpal hand axe (weapon)
Missiles
 d - 2 throwing nets (quivered)
 h - 6 silver javelins
Armour
 b - a +0 leather armour
 c - a +1 helmet (worn)
 e - a +1 leather armour of cold resistance (worn)
Jewellery
 f - a ring of protection from fire (left claw)
 i - a ring of flight (right claw)
 n - a ring of ice
 q - an amulet of regeneration (around neck)
Scrolls
 j - 2 scrolls of fear
 m - 2 scrolls of enchant weapon
 r - a scroll of identify
Potions
 k - a potion of cancellation


   Skills:
 + Level 4.3 Fighting
 + Level 4.1(4.6) Axes
 + Level 3.2(4.2) Polearms
 + Level 2.2 Throwing
 + Level 1.6 Armour
 + Level 3.5 Dodging
 + Level 0.1 Stealth


You had 6 spell levels left.
You didn't know any spells.
Your spell library contained the following spells:

 Spells                   Type           Power      Damage    Failure   Level
 Blink                    Tloc           N/A        N/A       71%         2
 Lesser Beckoning         Tloc           0%         N/A       90%         3
 Manifold Assault         Tloc           0%         N/A       100%        5


Dungeon Overview and Level Annotations

Branches:
Dungeon (4/15)
 Temple: D:4-7

Altars:
Makhleb
Trog

Annotations:
D:4 Ironcache's ghost, novice HuWn


Innate Abilities, Weirdness & Mutations

You thrive by killing the living.
You are immune to poison.
You have sharp fingernails.
Your flesh is cold resistant. (rC+)
You are immune to negative energy. (rN+++)
You do not regenerate when monsters are visible.
You are immune to unholy pain and torment.


Message History

You closely miss the ice beast.
The ice beast is heavily wounded.
The ice beast barely misses you.
You slash the ice beast!
The ice beast is almost dead.
The ice beast closely misses you.
You hit the ice beast.
You kill the ice beast!
Trog accepts your kill.
Your Axes skill increases to level 4!
You have reached level 7!
You now have 243 gold pieces (gained 5).
Ironcache's ghost hits you.
You closely miss Ironcache's ghost. Ironcache's ghost hits you!
You slash Ironcache's ghost!
Ironcache's ghost is moderately damaged.
You barely miss the scorpion simulacrum.
Ironcache's ghost hits you but does no damage.
The scorpion simulacrum hits you. The scorpion simulacrum freezes you.
You resist.
You hit Ironcache's ghost.
Ironcache's ghost is moderately damaged.
You hit the scorpion simulacrum.
Ironcache's ghost says, "Are you willing to die fighting?
I was!"
Ironcache's ghost hits you! The scorpion simulacrum hits you.
* * * LOW HITPOINT WARNING * * *
The scorpion simulacrum freezes you. You resist.
* * * LOW HITPOINT WARNING * * *
You feel better. Ironcache's ghost hits you!
* * * LOW HITPOINT WARNING * * *
The scorpion simulacrum hits you.
* * * LOW HITPOINT WARNING * * *
The scorpion simulacrum freezes you. You resist.
* * * LOW HITPOINT WARNING * * *
As you read the scroll of teleportation, it crumbles to dust.
You feel strangely unstable. Ironcache's ghost hits you.
* * * LOW HITPOINT WARNING * * *
The scorpion simulacrum closely misses you.
Ironcache's ghost hits you!
You die...

#................###'''###.....##
##..............##.......##...###
##.....#......##.........#......
###.#..#......#..........##.....
#...##.......##....####...#.....
##...........#...###"?##..##..>.
###.#.....#.#..##..... #..#....
####......#..#...=.. #..#....
##)...##.@#Z..... #..#..#.
####.#...WZ...###.Y##.##.
##...##..Z.........#.....
#.....###..####...##.....
#.......####..#####......
#######..#...................
##........#...##.#.........#..
#.............#............#..
###..................#.#......


You could see Ironcache's ghost, an adder simulacrum and a scorpion simulacrum.

Vanquished Creatures
  2 ice beasts (D:4)
  An ogre (D:4)
  A centaur zombie (D:4)
  An orc priest (D:4)
  A centaur skeleton (D:4)
  A scorpion simulacrum (D:4)
  2 adders
  2 adder skeletons (D:4)
  3 worms (D:2)
  2 dart slugs
  10 orcs
  7 endoplasms
  2 giant cockroaches
  8 goblins
  8 hobgoblins
  A jackal (D:1)
  5 kobolds
  4 quokkas
  3 ball pythons
  5 bats
  10 frilled lizards
  A quokka simulacrum (D:4)
  6 rats
86 creatures vanquished.

Notes
Turn   | Place    | Note
-------+----------+-------------------------------------------
     0 | D:1      | Romesagentofchaos the Ghoul Gladiator began the quest for
                  | the Orb.
     0 | D:1      | Reached XP level 1. HP: 17/17 MP: 0/0
   198 | D:1      | Reached XP level 2. HP: 25/25 MP: 1/1
   246 | D:1      | Found a faded altar of an unknown god.
   630 | D:1      | Reached XP level 3. HP: 30/30 MP: 2/2
  1233 | D:2      | Reached XP level 4. HP: 33/37 MP: 3/3
  1530 | D:3      | Reached skill level 1 in Axes
  2075 | D:3      | Found a bloodstained altar of Trog.
  2095 | D:3      | Became a worshipper of Trog the Wrathful
  2212 | D:4      | Noticed an ogre
  2221 | D:4      | Killed an ogre
  2222 | D:4      | Reached skill level 1 in Armour
  2222 | D:4      | Reached XP level 5. HP: 22/45 MP: 4/4
  2365 | D:4      | Found a runed translucent gate.
  2399 | D:4      | Reached XP level 6. HP: 51/51 MP: 5/5
  2449 | D:4      | Noticed an ice beast
  2460 | D:4      | Found a burning altar of Makhleb.
  2487 | D:4      | Found a runed translucent gate.
  2487 | D:4      | Found a runed translucent gate.
  2831 | D:4      | Noticed an ice beast
  2831 | D:4      | Noticed Ironcache's ghost (novice HuWn)
  2879 | D:4      | Killed an ice beast
  2885 | D:4      | Killed an ice beast
  2886 | D:4      | Reached XP level 7. HP: 33/60 MP: 6/6
  2903 | D:4      | Slain by Ironcache's ghost

Illustrated notes

Levels and vault maps discovered:
D:1:      minmay_arrival_solitary_statue, layout_loops_cross,
          shapermc_ecumenical_altar_mp_vishouse, chequers_serial_rivers_large_a,
          minmay_indecisive_spiral
D:2:      layout_basic, minmay_tall_x
D:3:      layout_basic, lightli_temple_of_fire
D:4:      layout_cave_pools, kennysheep_mini_moat, gammafunk_ghost_icy,
          kennysheep_generic_room_8

Skill      XL: |  1  2  3  4  5  6 |
---------------+-------------------+-----
Dodging        | 3 |  3.5
Throwing       | 2 |  2.2
Polearms       | 3 |  3.2
Axes           | 2 4 |  4.1
Fighting       | 3 4 |  4.3
Armour         | 1 |  1.6
Stealth        | |  0.1

Action                   |  1- 3 |  4- 6 |  7- 9 || total
-------------------------+-------+-------+-------++-------
Melee: Trident           |    54 |       |       ||    54
       Hand axe          |    64 |   110 |     3 ||   177
Throw: Throwing net      |     2 |     3 |       ||     5
  Use: Scroll            |     6 |     4 |     1 ||    11
       Potion            |     1 |     1 |     1 ||     3
Armor: Leather armour    |    43 |    45 |     1 ||    89
Dodge: Dodged            |    61 |    94 |     1 ||   156
